AoeStats
← MeowMe

Nomad

503372543Analyzed
3v3 RM · 1mo ago on Aug 31, 2026· 44m 52s· 6 players
Game mode
Random Map
Map size
210×210
Population
200
Speed
Normal
Resources
Standard
Victory
Conquest
Starting age
Dark Age
Ending age
Imperial Age
RankedLock teamsTeams togetherTeam positionsShared explorationLock speedFull tech treeHidden civsTurbo modeCheats
Victory
Defeat
🇧🇾 Mongols · Belarus
1476
+11
🇬🇧 Spanish · United Kingdom
1453
+12
🇬🇪 Turks · Georgia
1371
+16
🇻🇳 Persians · Vietnam
1396
-14
🇬🇧 Spanish · United Kingdom
1356
-13
🇷🇺 Berbers · Russia
1354
-12
shogun
4:10 Loom
13:08 Feudal Age
14:24 Wheelbarrow
13:36 Double-Bit Axe
13:44 Fishing Lines
15:34 Fletching
15:44 Padded Archer Armor
22:45 Castle Age
22:40 Horse Collar
23:16 Elite Skirmisher
24:05 Bodkin Arrow
25:18 Leather Archer Armor
25:17 Medium Warships
25:39 Gillnets
33:02 Bow Saw
37:07 Imperial Age
35:03 Forging
34:59 Scale Barding Armor
36:31 Bloodlines
36:43 Hand Cart
37:10 Ballistics
37:00 Masonry
37:19 Husbandry
37:09 Cavalier
38:35 Conscription
39:03 Ring Archer Armor
38:54 Heavy Plow
38:32 Heavy Camel Rider
41:28 Iron Casting
41:13 Chain Barding Armor
45:00 Blast Furnace
JustHaveFun()
5:43 Loom
14:31 Feudal Age
18:44 Castle Age
16:55 Fishing Lines
18:22 Double-Bit Axe
20:00 Gold Mining
20:42 Fletching
22:12 Bodkin Arrow
36:37 Gillnets
38:54 Caravan
44:34 Imperial Age
42:56 Bloodlines
42:47 Husbandry
43:06 Scale Barding Armor
44:07 Chain Barding Armor
44:40 Heavy Camel Rider
GrimLOL
13:44 Feudal Age
17:32 Castle Age
17:37 Padded Archer Armor
17:32 Double-Bit Axe
19:15 Leather Archer Armor
19:47 Bow Saw
20:26 Loom
21:17 Wheelbarrow
24:02 Husbandry
26:31 Bloodlines
30:49 Fishing Lines
34:38 Imperial Age
32:50 Horse Collar
34:53 Hand Cart
35:01 Fletching
35:51 Ring Archer Armor
35:45 Conscription
35:59 Elite Conquistador
37:22 Gold Mining
39:23 Inquisition
42:33 Block Printing
42:09 Town Watch
43:53 Redemption
tweek_3
12:48 Feudal Age
16:38 Castle Age
15:06 Fishing Lines
16:39 Double-Bit Axe
17:17 Gillnets
17:54 Bow Saw
19:47 Loom
21:28 Horse Collar
23:39 Medium Warships
28:12 Wheelbarrow
30:13 Hand Cart
33:28 Imperial Age
31:55 Bloodlines
32:38 Heavy Plow
33:03 Scale Barding Armor
33:04 Gold Mining
34:07 Husbandry
33:31 Cavalier
35:04 Chain Barding Armor
37:25 Plate Barding Armor
39:21 Forging
40:46 Town Watch
43:01 Chemistry
42:21 Ballistics
44:20 Two-Man Saw
43:15 Stone Mining
45:49 Iron Casting
45:08 Fletching
MeowMe
7:23 Loom
14:05 Feudal Age
18:43 Castle Age
17:57 Horse Collar
20:10 Double-Bit Axe
20:44 Gold Mining
23:12 Padded Archer Armor
28:55 Wheelbarrow
28:06 Town Watch
28:23 Fletching
34:02 Fortified Wall
37:22 Murder Holes
41:08 Imperial Age
41:00 Treadmill Crane
42:40 Conscription
43:45 Hand Cart
43:31 Town Patrol
OLADUSHEK
4:37 Loom
12:53 Feudal Age
13:43 Town Watch
16:29 Castle Age
14:24 Stone Mining
15:06 Double-Bit Axe
15:29 Fishing Lines
17:32 Bow Saw
17:56 Fletching
22:35 Bodkin Arrow
23:52 Horse Collar
26:12 Ballistics
28:41 Wheelbarrow
30:49 Hand Cart
31:24 Gold Mining
31:35 Heavy Plow
38:06 Imperial Age
37:14 Gold Shaft Mining
39:13 Drill
39:14 Conscription
38:34 Heavy Scorpion
40:17 Chemistry
39:41 Town Patrol
39:43 Bracer
40:03 Siege Engineers
40:58 Stone Shaft Mining
41:14 Nomads
42:10 Padded Archer Armor
42:23 Bloodlines
42:14 Husbandry
43:32 Leather Archer Armor
45:29 Masonry
45:57 Hoardings
44:52 Sappers
Connection lost

Rejoining the realm…

Still unreachable

The connection could not be restored.

Session expired

The server has moved on; the page needs a fresh start.